 Dungeon Sprint DCSS version 0.18.1-50-g88ac8fd (webtiles) character file.

482 Kagutsuchi the Fighter (level 6, -3/66 HPs)
             Began as a Draconian Berserker on Oct 21, 2016.
             Was a Follower of Trog.
             Slain by a harpy (10 damage)
             ... summoned by Kirke
             ... in the Dungeon (Sprint II: "The Violet Keep of Menkaure").
             The game lasted 00:00:48 (157 turns).

Kagutsuchi the Fighter (Draconian Berserker)         Turns: 157, Time: 00:00:48

Health: -3/66      AC:  6    Str: 19    XL:     6   Next: 87%
Magic:  6/6        EV: 16    Int:  8    God:    Trog [*.....]
Gold:   243        SH:  0    Dex: 12    Spells: 0 memorised, 5 levels left

rFire  . . .     SeeInvis .     a - +0 falchion
rCold  . . .     Gourm    .     (armour unavailable)
rNeg   . . .     Faith    .     (no shield)
rPois  .         Spirit   .     (helmet restricted)
rElec  .         Dismiss  .     (no cloak)
rCorr  .         Reflect  .     (no gloves)
SustAt .         Harm     .     (no boots)
MR     .....     NoTele   +     (no amulet)
Stlth  +.........               (no ring)
                                (no ring)

@: not resistant to hostile enchantments, very unstealthy
A: unfitting armour, cold-blooded, AC +6
a: Berserk, Burn Spellbooks, Renounce Religion


You were in the Dungeon.
You worshipped Trog.
Trog was aware of your devotion.
You were not hungry.

You visited 1 branch You collected 243 gold pieces.

Inventory:

Hand Weapons
 a - a +0 falchion (weapon)
Scrolls
 h - a scroll of blinking
Potions
 d - a potion of heal wounds
 e - a potion of haste
 f - 2 potions of magic
 g - a potion of berserk rage
Comestibles
 b - a bread ration


   Skills:
 + Level 9.8 Fighting
 + Level 9.2 Long Blades
 + Level 8.3 Dodging


You had 5 spell levels left.
You didn't know any spells.

Dungeon Overview and Level Annotations

Branches:
Dungeon (1/1)

Altars:

Shops:
D [:=(%?[[!!:

Annotations:
D Kirke


Innate Abilities, Weirdness & Mutations

Your plain brown scales are hard (AC +6).
Your body does not fit into most forms of armour.
You are cold-blooded and may be slowed by cold attacks.


Message History

You enter the shallow water.
Moving in this stuff is going to be slow.
You enter the shallow water.
Moving in this stuff is going to be slow.
The stone wall disappears!
A centaur warrior, a skeletal warrior and Kirke come into view.
The centaur warrior shouts!
Kirke shouts!
Kirke gestures wildly while chanting.
Kirke summons some harpies!
An elephant and a kobold demonologist come into view.
The elephant trumpets!
The kobold demonologist shouts!
The harpy screeches!
The harpy claws you. The harpy barely misses you.
Kirke shouts, "You pig!
I'll make you look the way you deserve."
The harpy screeches!
The harpy claws you.
* * * LOW HITPOINT WARNING * * *
The harpy claws you!
* * * LOW HITPOINT WARNING * * *
The harpy claws you but does no damage. The harpy claws you!
You die... ####+#### ##§§§§§§§## ##§§§§§§§§§## ## +.≈§§z§§§§§§# ..Y####≈≈zzzz§§§ Kc.≈## zzzzz

########@≈#+++#+++##
#######≈≈≈...H@....#
.∩....#≈≈≈≈.##'##..#
∩.∩...#≈≈≈≈##.#.##.#
.∩.∩..#≈≈≈≈#..#..#...
..∩.⌠.#≈≈####††.####..
.∩.∩..#≈## ##'## #..#
∩.∩...#≈# ##.## ..#
.∩....+≈+ +.<.+ .#
##.##


You could see Kirke, a harpy and 8 flying skulls.

Vanquished Creatures
  Menkaure (D)
  4 necrophages (D)
  A crocodile (D)
6 creatures vanquished.

Notes
Turn   | Place    | Note
--------------------------------------------------------------
     0 | D        | Kagutsuchi the Draconian Berserker began the quest for the Orb.
     0 | D        | Reached XP level 1. HP: 19/19 MP: 1/1
     1 | D        | Noticed a necrophage
     1 | D        | Noticed a necrophage
     1 | D        | Noticed a necrophage
     1 | D        | Noticed a necrophage
     9 | D        | Killed a necrophage
     9 | D        | Reached skill level 5 in Long Blades
     9 | D        | Reached skill level 5 in Dodging
     9 | D        | Reached XP level 2. HP: 30/30 MP: 2/2
     9 | D        | Reached XP level 3. HP: 37/37 MP: 3/3
     9 | D        | Reached XP level 4. HP: 44/44 MP: 4/4
    12 | D        | Killed a necrophage
    12 | D        | Reached XP level 5. HP: 51/51 MP: 5/5
    15 | D        | Killed a necrophage
    23 | D        | Killed a necrophage
    23 | D        | Reached XP level 6. HP: 31/61 MP: 6/6
    68 | D        | Noticed a flying skull
    69 | D        | Noticed a flying skull
    69 | D        | Noticed a flying skull
    69 | D        | Noticed a flying skull
    69 | D        | Noticed a flying skull
    70 | D        | Noticed a flying skull
    70 | D        | Noticed a flying skull
    70 | D        | Noticed a flying skull
    70 | D        | Noticed a flying skull
    70 | D        | Noticed a flying skull
    70 | D        | Noticed Menkaure
    71 | D        | Noticed a flying skull
    75 | D        | Noticed a flying skull
    82 | D        | Killed Menkaure
    85 | D        | Found Woxitoq's Distillery.
    85 | D        | Found Acsoeva's Book Emporium.
   102 | D        | Found Xeiseih's Antique Armour Emporium.
   102 | D        | Found Zoweer's Armour Shoppe.
   102 | D        | Found Neusas's Distillery.
   103 | D        | Found Luqig's Jewellery Shoppe.
   103 | D        | Found Irea's Weapon Emporium.
   103 | D        | Found Vanulame's Food Shoppe.
   103 | D        | Found Subresana's Magic Scroll Emporium.
   104 | D        | Found Sakkaf's Antique Armour Shoppe.
   104 | D        | Found Poizxec's Book Shoppe.
   152 | D        | Noticed a centaur warrior
   152 | D        | Noticed Kirke
   152 | D        | Noticed a skeletal warrior
   153 | D        | Noticed a harpy
   153 | D        | Noticed an elephant
   153 | D        | Noticed a kobold demonologist
   157 | D        | Slain by a harpy

Skill      XL: |  1  2  3  4  5  6 |
---------------+-------------------+-----
Fighting       | 6 7 9 |  9.8
Long Blades    | 5 6 8 9 |  9.2
Dodging        | 5 6 7 8 |  8.3

Action                   |  1- 3 |  4- 6 || total
-------------------------+-------+-------++-------
Melee: Falchion          |     7 |    24 ||    31
       Tailslap          |       |     2 ||     2
Invok: Berserk           |     1 |       ||     1
  Use: Potion            |       |     1 ||     1
Armor: Skin              |     2 |     4 ||     6
Dodge: Dodged            |     1 |    16 ||    17
